 Dungeon Sprint DCSS version 0.21-a0-201-g8501b10 (webtiles) character file.

7137 Kidiri the Eclecticist (level 10, 0/63 HPs)
             Began as a Deep Elf Fire Elementalist on Aug 18, 2017.
             Was the Champion of Vehumet.
             Slain by a redback (6 damage)
             ... in the Dungeon (Sprint III: "The Ten Rune Challenge").
             The game lasted 00:16:16 (2371 turns).

Kidiri the Eclecticist (Deep Elf Fire Elementalist) Turns: 2371, Time: 00:16:16

Health: 0/63       AC:  8    Str:  5    XL:     10   Next: 85%
Magic:  22/28      EV: 20    Int: 24    God:    Vehumet [******]
Gold:   20         SH:  0    Dex: 15    Spells: 16/40 levels left

rFire    . . .     SeeInvis .   m - +3 dagger (protect)
rCold    . . .     Gourm    .   (no shield)
rNeg     . . .     Faith    .   a - +0 robe
rPois    .         Spirit   .   (no helmet)
rElec    +         Reflect  .   d - +0 cloak
rCorr    .         Harm     .   (no gloves)
MR       +....     NoTele   +   (no boots)
Stlth    +.........             (no amulet)
HPRegen  0.20/turn              (no ring)
MPRegen  0.21/turn              (no ring)

@: lethally poisoned (0 -> -90), very slow
A: iridescent scales 1, yellow scales 1, low mp 1, electricity resistance
a: Renounce Religion


You were in the Dungeon.
You worshipped Vehumet.
Vehumet was exalted by your worship.
You were very full.

You visited 1 branch You collected 20 gold pieces.

Inventory:

Hand Weapons
 m - a +3 dagger of protection (weapon)
Armour
 a - a +0 robe (worn)
 d - a +0 cloak (worn)
Wands
 s - a wand of disintegration (19/24)
Scrolls
 l - a scroll of torment
 n - 2 scrolls of remove curse
 q - a scroll of immolation
Potions
 f - a potion of haste
 g - a potion of magic
 h - a potion of berserk rage
 k - 3 potions of mutation
 p - 2 potions of flight
Books
 b - a book of Flames

   Spells                             Type                      Level
   a - Flame Tongue                   Conjuration/Fire             1
   b - Throw Flame                    Conjuration/Fire             2
   c - Conjure Flame                  Conjuration/Fire             3
   d - Inner Flame                    Hexes/Fire                   3
   e - Sticky Flame                   Conjuration/Fire             4
   f - Fireball                       Conjuration/Fire             5
 j - a book of Misfortune

   Spells                             Type                      Level
   a - Confusing Touch                Hexes                        1
   b - Confuse                        Hexes                        3
   c - Gell's Gravitas                Translocation                3
   d - Petrify                        Transmutation/Earth          4
   e - Metabolic Englaciation         Hexes/Ice                    5
   f - Yara's Violent Unravelling     Hexes/Transmutation          5
 r - a book of Minor Magic

   Spells                             Type                      Level
   a - Magic Dart                     Conjuration                  1
   b - Blink                          Translocation                2
   c - Call Imp                       Summoning                    2
   d - Slow                           Hexes                        2
   e - Conjure Flame                  Conjuration/Fire             3
   f - Mephitic Cloud                 Conjuration/Poison/Air       3
Comestibles
 c - 2 bread rations
 i - 4 chunks of flesh
 o - 26 royal jellies


   Skills:
 + Level 7.4 Fighting
 + Level 7.8 Short Blades
 + Level 7.4 Armour
 + Level 10.9 Dodging
 - Level 2.4 Stealth
 * Level 15.7 Spellcasting
 + Level 9.6 Conjurations
 + Level 10.5 Fire Magic
 + Level 7.0 Air Magic
 + Level 7.5 Poison Magic


You had 16 spell levels left.
You knew the following spells:

 Your Spells              Type           Power        Failure   Level  Hunger
a - Flame Tongue          Conj/Fire      #####        1%          1    None
b - Throw Flame           Conj/Fire      ######       1%          2    None
c - Conjure Flame         Conj/Fire      ######..     1%          3    None
d - Inner Flame           Hex/Fire       #####...     1%          3    None
e - Ignite Poison         Fire/Tmut/Pois #####...     1%          3    None
f - Sticky Flame          Conj/Fire      ######..     1%          4    None
g - Fireball              Conj/Fire      ######....   1%          5    ##.....
h - Mephitic Cloud        Conj/Pois/Air  ######..     1%          3    None


Dungeon Overview and Level Annotations

Branches:
Dungeon (1/1)

Altars:
Cheibriados
Dithmenos
Elyvilon
Fedhas
Gozag
Hepliaklqana
Kikubaaqudgha
Makhleb
Nemelex Xobeh
Okawaru
Qazlal
Ru
Sif Muna
Trog
Uskayaw
Vehumet
Wu Jian
Xom
Yredelemnul
Zin
The Shining One
Beogh
Jiyva
Lugonu

Annotations:
D exclusion: 2 doors


Innate Abilities, Weirdness & Mutations

You are partially covered in iridescent scales. (AC +2)
You are partially covered in yellow scales. (AC +2)
Your magical capacity is low. (-10% MP)
You are resistant to electric shocks. (rElec)


Message History

You feel very sick.
Casting: Sticky Flame
Confirm with . or Enter, or press ? or * to list all spells.
Aiming: Sticky Flame
Press: ? - help, Shift-Dir - straight line, f - redback
Aim: a redback The sticky flame hits the redback.
The redback is lightly wounded.
The redback is covered in liquid flames!
You feel very sick.
The redback burns!
The redback bites you!
* * * LOW HITPOINT WARNING * * *
You are more poisoned.
The redback poisons you!
Okay, then.
Okay, then.
* * * LOW HITPOINT WARNING * * *
You feel extremely sick.
The redback burns!
The redback bites you.
You die...

≈≈♣♣♣♣.'.⌠........#
≈≈≈≈...#...######'#
≈≈≈....#.⌠.#__#...#+#############
≈≈.....#...#__#...#.)..#)#.#.....
.......#+###__#...##.#..#.##)###.
.......#.[.#__#...'##)#.#.##.#..#
.......#___#__+...#...#..#..##..'
▓▓▓▓▓▓▓▓▓▓▓▓▓▓▓▓▓▓▓▓▓▓▓▓▓▓▓▓▓▓▓▓#
♣♣s@≈........≈≈≈...#
+♣♣†♣≈≈≈≈≈≈≈≈≈≈≈≈♣♣P.'
#.≈♣♣♣♣♣♣♣♣♣♣♣♣♣♣♣♣PP# #..♣♣ ♣♣♣#
###'♣ ♣♣ ♣♣♣♣.##. ♣...##s ♣♣.##.#
♣..#k##


You could see a redback (burning).

Vanquished Creatures
  Erolcha (D)
  A lindwurm (D)
  A deep elf mage (D)
  2 spiny frogs (D)
  A komodo dragon (D)
  A queen bee (D)
  3 wandering mushrooms (D)
  2 tyrant leeches (D)
  4 redbacks (D)
  A shadow (D)
  A spatial vortex (D)
  A necrophage (D)
  5 two-headed ogres (D)
  A water elemental (D)
  32 killer bees (D)
  A jelly (D)
  Crazy Yiuf (D)
  A wizard (D)
  A necromancer (D)
  A kobold demonologist (D)
  3 humans (D)
  2 oozes (D)
  2 rats (D)
69 creatures vanquished.

Vanquished Creatures (others)
  2 draconian scorchers (D)
  Nessos (D)
  6 hellions (D)
  2 yaktaurs (D)
11 creatures vanquished.

Grand Total: 80 creatures vanquished

Notes
Turn   | Place    | Note
-------+----------+-------------------------------------------
     0 | D        | Kidiri the Deep Elf Fire Elementalist began the quest for the Orb.
     0 | D        | Reached XP level 1. HP: 10/10 MP: 6/6
    45 | D        | Reached skill level 1 in Armour
    45 | D        | Reached skill level 4 in Spellcasting
    45 | D        | Reached XP level 2. HP: 16/16 MP: 5/9
    49 | D        | Learned a level 2 spell: Throw Flame
    73 | D        | Killed a hellion
   107 | D        | Killed a hellion
   118 | D        | Killed a hellion
   139 | D        | Killed a hellion
   140 | D        | Killed a hellion
   143 | D        | Reached skill level 1 in Fighting
   143 | D        | Reached skill level 5 in Spellcasting
   143 | D        | Reached XP level 3. HP: 13/20 MP: 2/11
   148 | D        | Learned a level 3 spell: Conjure Flame
   152 | D        | Learned a level 3 spell: Inner Flame
   178 | D        | Killed a hellion
   202 | D        | Killed a white draconian scorcher
   212 | D        | Killed a yaktaur
   264 | D        | Noticed Crazy Yiuf
   266 | D        | Killed a white draconian scorcher
   275 | D        | Killed Crazy Yiuf
   275 | D        | Reached skill level 6 in Spellcasting
   310 | D        | Gained mutation: You are resistant to electric shocks. (rElec) [potion of mutation]
   310 | D        | Gained mutation: Your magical capacity is low. (-10% MP) [potion of mutation]
   310 | D        | Gained mutation: You are partially covered in iridescent scales. (AC +2) [potion of mutation]
   310 | D        | Gained mutation: You are partially covered in yellow scales. (AC +2) [potion of mutation]
   344 | D        | Noticed a water elemental
   348 | D        | Killed a water elemental
   348 | D        | Reached skill level 7 in Spellcasting
   348 | D        | Reached skill level 5 in Fire Magic
   348 | D        | Reached XP level 4. HP: 27/27 MP: 6/13
   362 | D        | Learned a level 4 spell: Sticky Flame
   399 | D        | Found a radiant altar of Vehumet.
   400 | D        | Found a deep blue altar of Sif Muna.
   400 | D        | Found an ancient bone altar of Kikubaaqudgha.
   400 | D        | Noticed a wizard
   402 | D        | Killed a wizard
   402 | D        | Reached skill level 5 in Dodging
   402 | D        | Reached XP level 5. HP: 32/32 MP: 9/15
   404 | D        | Reached skill level 8 in Spellcasting
   419 | D        | Learned a level 5 spell: Fireball
   422 | D        | Became a worshipper of Vehumet
   479 | D        | Found a glowing silver altar of Zin.
   480 | D        | Found a glowing golden altar of the Shining One.
   480 | D        | Found a white marble altar of Elyvilon.
   480 | D        | Noticed a deep elf mage
   488 | D        | Killed a deep elf mage
   488 | D        | Reached skill level 10 in Spellcasting
   488 | D        | Reached skill level 5 in Conjurations
   488 | D        | Reached XP level 6. HP: 39/39 MP: 13/19
   488 | D        | Reached XP level 7. HP: 44/44 MP: 14/21
   493 | D        | Learned a level 3 spell: Mephitic Cloud
   531 | D        | Found an ornate altar of the Wu Jian Council.
   531 | D        | Found a roughly hewn altar of Beogh.
   531 | D        | Found an iron altar of Okawaru.
   531 | D        | Found a bloodstained altar of Trog.
   531 | D        | Found a hide-covered altar of Uskayaw.
   531 | D        | Noticed a human
   533 | D        | Noticed a human
   545 | D        | Killed a human
   545 | D        | Killed a human
   545 | D        | Reached skill level 11 in Spellcasting
   545 | D        | Reached skill level 1 in Air Magic
   545 | D        | Reached skill level 1 in Poison Magic
   545 | D        | Reached * piety under Vehumet
   545 | D        | Offered knowledge of Sting by Vehumet.
   616 | D        | Found a basalt altar of Yredelemnul.
   616 | D        | Found a shadowy altar of Dithmenos.
   616 | D        | Found a sacrificial altar of Ru.
   619 | D        | Reached skill level 5 in Armour
   665 | D        | Noticed a shadow
   666 | D        | Reached ** piety under Vehumet
   668 | D        | Killed a shadow
   668 | D        | Reached skill level 5 in Fighting
   668 | D        | Reached XP level 8. HP: 49/49 MP: 12/23
   730 | D        | Found a blossoming altar of Fedhas.
   730 | D        | Found a stormy altar of Qazlal.
   730 | D        | Found a snail-covered altar of Cheibriados.
   730 | D        | Found a burning altar of Makhleb.
   730 | D        | Found a shimmering altar of Xom.
   731 | D        | Found a hazy altar of Hepliaklqana.
   731 | D        | Found an opulent altar of Gozag.
   731 | D        | Found a sparkling altar of Nemelex Xobeh.
   731 | D        | Found a corrupted altar of Lugonu.
   731 | D        | Found a viscous altar of Jiyva.
   751 | D        | Offered knowledge of Sandblast by Vehumet.
   751 | D        | Reached skill level 12 in Spellcasting
   857 | D        | Reached *** piety under Vehumet
   868 | D        | Reached skill level 5 in Short Blades
   879 | D        | Killed Nessos
   971 | D        | Noticed a two-headed ogre
   981 | D        | Killed a two-headed ogre
   981 | D        | Offered knowledge of Ignite Poison by Vehumet.
   986 | D        | Learned a level 3 spell: Ignite Poison
  1062 | D        | Noticed Erolcha
  1064 | D        | Offered knowledge of Fulminant Prism by Vehumet.
  1066 | D        | Noticed a two-headed ogre
  1072 | D        | Killed a two-headed ogre
  1072 | D        | Reached skill level 13 in Spellcasting
  1072 | D        | Reached XP level 9. HP: 49/55 MP: 2/25
  1074 | D        | Killed Erolcha
  1074 | D        | Reached **** piety under Vehumet
  1074 | D        | Reached skill level 5 in Poison Magic
  1230 | D        | Offered knowledge of Iskenderun's Battlesphere by Vehumet.
  1230 | D        | Reached skill level 5 in Air Magic
  1304 | D        | Noticed a queen bee
  1304 | D        | Reached ***** piety under Vehumet
  1307 | D        | Reached skill level 14 in Spellcasting
  1309 | D        | Reached ****** piety under Vehumet
  1312 | D        | Reached XP level 10. HP: 39/61 MP: 3/27
  1314 | D        | Reached skill level 10 in Dodging
  1510 | D        | Offered knowledge of Irradiate by Vehumet.
  1524 | D        | Reached skill level 10 in Fire Magic
  1569 | D        | Noticed a spiny frog
  1569 | D        | Noticed a spiny frog
  1574 | D        | Killed a spiny frog
  1574 | D        | Reached skill level 15 in Spellcasting
  1578 | D        | Killed a spiny frog
  1579 | D        | HP: 2/63 [komodo dragon (26)]
  2119 | D        | Noticed a lindwurm
  2139 | D        | Killed a lindwurm
  2369 | D        | Offered knowledge of Spellforged Servitor by Vehumet.
  2371 | D        | Slain by a redback

Vault maps used:
D:        dungeon_sprint_mu

Skill      XL: |  1  2  3  4  5  6  7  8  9 10 |
---------------+-------------------------------+-----
Armour         | 1 2 3 4 5 6 7 |  7.4
Dodging        | 3 4 5 7 8 9 10 | 10.9
Spellcasting   | 4 5 7 10 11 13 14 15 | 15.7
Fighting       | 1 2 4 5 6 7 |  7.4
Conjurations   | 2 3 5 6 7 8 9 |  9.6
Fire Magic     | 4 5 7 8 9 10 | 10.5
Short Blades   | 3 4 5 6 7 |  7.8
Air Magic      | 2 4 5 7 |  7.0
Poison Magic   | 3 4 6 7 |  7.5
Stealth        | |  2.4

Action                   |  1- 3 |  4- 6 |  7- 9 | 10-12 || total
-------------------------+-------+-------+-------+-------++-------
Melee: Dagger            |       |       |     2 |     6 ||     8
 Cast: Flame Tongue      |    24 |       |    48 |    26 ||    98
       Throw Flame       |     6 |       |     2 |       ||     8
       Conjure Flame     |     1 |       |     8 |     1 ||    10
       Sticky Flame      |       |     3 |     5 |     9 ||    17
       Fireball          |       |       |     6 |     2 ||     8
       Mephitic Cloud    |       |       |     7 |     6 ||    13
       Inner Flame       |       |       |     3 |       ||     3
       Ignite Poison     |       |       |     5 |     6 ||    11
  Use: Potion            |     3 |       |     1 |     1 ||     5
       Scroll            |     3 |       |       |     1 ||     4
 Stab: Confused          |       |       |     1 |       ||     1
       Sleeping          |       |       |       |     2 ||     2
  Eat: Chunk             |       |       |     2 |       ||     2
       Royal jelly       |       |       |       |     5 ||     5
Armor: Robe              |       |     1 |     1 |     5 ||     7
Dodge: Dodged            |     8 |     1 |     8 |    15 ||    32
